 Dungeon Crawl Stone Soup version 0.30.1-9-gdf580d7c3d (webtiles) character file.

Game seed: 16033815239512165683

63 Klatu the Cutter (level 3, -3/36 HPs)
             Began as a Troll Chaos Knight on Oct 10, 2023.
             Was a Follower of Cheibriados.
             Succumbed to their own poison gas
             ... on level 3 of the Dungeon.
             The game lasted 00:14:28 (2038 turns).

Klatu the Cutter (Troll Chaos Knight)               Turns: 2038, Time: 00:14:29

Health: -3/36      AC:  6    Str: 24    XL:     3   Next: 87%
Magic:  2/2        EV: 10    Int: 10    God:    Cheibriados [*.....]
Gold:   68         SH:  0    Dex: 17    Spells: 2/2 levels left

rFire   . . .        (no weapon)
rCold   . . .        (no shield)
rNeg    . . .        b - +2 robe
rPois   .            (helmet restricted)
rElec   .            (no cloak)
rCorr   .            (gloves unavailable)
SInv    .            (boots unavailable)
Will    .....        (no amulet)
Stlth   +            f - +6 ring of dexterity
HPRegen 1.06/turn    (no ring)
MPRegen 0.08/turn

%: no passive effects
@: confused, lethally poisoned (-3 -> -43), ambrosia-drunk, very slow
A: large, unfitting armour, claws 3, regeneration 1, shaggy fur 1, tough skin 1
a: Renounce Religion, Bend Time


You were on level 3 of the Dungeon.
You worshipped Cheibriados.
Cheibriados was aware of your devotion.
You visited 1 branch of the dungeon, and saw 3 of its levels.

You collected 68 gold pieces.

Inventory:

Missiles
 e - 6 curare-tipped darts
Armour
 b - a +2 robe (worn)
Jewellery
 f - a +6 ring of dexterity (left claw)
Potions
 g - a potion of flight
 k - a potion of curing {unknown}
Miscellaneous
 c - a piece from Xom's chessboard (12/15) (quivered)


   Skills:
 + Level 2.4 Fighting
 - Level 3.8 Short Blades
 - Level 1.9 Dodging
 * Level 0.7 Unarmed Combat


You had 2 spell levels left.
You didn't know any spells.
Your spell library contained the following spells:

 Spells                   Type           Power      Damage    Failure   Level
 Leda's Liquefaction      Hex/Erth       0%         N/A       98%         4
 Lee's Rapid Deconstruct  Erth           0%         3d4*      100%        5
 Statue Form              Tmut/Erth      0%         N/A       100%        6


Dungeon Overview and Level Annotations

Branches:
Dungeon (3/15)

Altars:
Cheibriados

Shops:
D:1 ?


Innate Abilities, Weirdness & Mutations

You are too large for most types of armour.
You have claws for hands.
Your natural rate of healing is unusually fast.
You are covered in fur. (AC +1)
You have tough skin. (AC +1)


Message History

It was a scroll of poison.
The phantom hits you.
As you read the scroll labelled MOSINT WIGOSHRO, it crumbles to dust.
You assume a fearsome visage.
The phantom is unaffected.
It was a scroll of fear.
The phantom hits you.
As you read the scroll labelled OZYCUI YTYIRY, it crumbles to dust.
The creatures around you are filled with an inner flame!
It was a scroll of immolation.
The phantom hits you.
The phantom blinks!
You blink.
Okay, then.
Really evoke
c - a piece from Xom's chessboard (13/15)?
This could place you under penance!
Really evoke
c - a piece from Xom's chessboard (13/15)?
This could place you under penance!
You're standing in a cloud of poison gas!
Really evoke
c - a piece from Xom's chessboard (13/15)?
This could place you under penance!
Really evoke
c - a piece from Xom's chessboard (13/15)?
This could place you under penance!
Uppercase [Y]es or [N]o only, please.
Really evoke
c - a piece from Xom's chessboard (13/15)?
This could place you under penance!
You make a move on Xom's chessboard...
The phantom easily resists.
You are engulfed in poison gas.
You are poisoned.
You feel sick. The phantom closely misses you.
You scratch the phantom but do no damage.
You are engulfed in poison gas.
You are more poisoned.
You feel very sick. The phantom hits you.
You scratch the phantom.
Flame seeps out of the phantom.
Your claw misses the phantom.
The phantom is lightly damaged.
You are engulfed in poison gas.
You are more poisoned.
You feel very sick. The phantom closely misses you.
You are confused.
You feel invigorated.
You are engulfed in poison gas.
You are more poisoned.
* * * LOW HITPOINT WARNING * * *
x2 You feel extremely sick.
The phantom barely misses you.
You bump into the rock wall.
You are engulfed in poison gas.
You are more poisoned.
* * * LOW HITPOINT WARNING * * *
You die...

#.####..# #
#.#.....###..#
#......[.....#
###.###)###.##
#.# #.# .# #W#
#.# .# #.# #.#
.# #.###§###§#
#......W@☼#
#..#.######
#..#.# #..#.#
#.# #..#.# #.#
#..#.#### #.#
#.......###.#
#[#
#)##........#
#.#
#.#####.#####
#.#


You could see a phantom (inner flame).

Vanquished Creatures
  2 adders (D:2)
  A worm (D:2)
  A dart slug (D:1)
  4 orcs (D:3)
  3 ball pythons
  2 endoplasms (D:2)
  2 giant cockroaches (D:2)
  A goblin (D:2)
  2 hobgoblins (D:1)
  4 kobolds
  3 quokkas
  3 bats
  2 frilled lizards
  3 rats
33 creatures vanquished.

Notes
Turn   | Place    | Note
-------+----------+-------------------------------------------
     0 | D:1      | Klatu the Troll Chaos Knight began the quest for the Orb.
     0 | D:1      | Reached XP level 1. HP: 22/22 MP: 0/0
   304 | D:1      | Found Bemp's Magic Scroll Shop.
   384 | D:1      | XOM: silly message
   441 | D:1      | Reached XP level 2. HP: 29/29 MP: 1/1
   514 | D:1      | XOM is BORED!
   514 | D:1      | XOM: silly message
   664 | D:1      | XOM: divination: detect creatures
   668 | D:1      | Reached skill level 3 in Short Blades
   775 | D:1      | XOM: noise
  1076 | D:2      | XOM: divination: detect items
  1369 | D:2      | Reached XP level 3. HP: 34/36 MP: 2/2
  1738 | D:2      | Found a faded altar of an unknown god.
  1745 | D:2      | Prayed at the altar of an unknown god.
  1745 | D:2      | Fell from the grace of Xom
  1745 | D:2      | Became a worshipper of Cheibriados the Contemplative
  1745 | D:2      | Reached * piety under Cheibriados
  2017 | D:3      | Noticed a phantom
  2038 | D:3      | HP: 1/36 [cloud of poison gas (3)]
  2038 | D:3      | Succumbed to their own poison gas

Illustrated notes

Levels and vault maps discovered:
D:1:      minmay_arrival_split_and_join, layout_basic, serial_shops, shop
D:2:      layout_loops_ring, dreamdust_ecumenical_altar_hidden_monk_grotto
D:3:      layout_loops_ring, mainiacjoe_overflow_catwalk,
          gammafunk_temple_overflow_elements

Skill      XL: |  1  2 |
---------------+-------+-----
Short Blades   | 3 |  3.8
Fighting       | |  2.4
Dodging        | |  1.9
Unarmed Combat | |  0.7

Action                     || total
---------------------------++-------
  Melee: Short sword       ||   110
         Unarmed           ||    25
  Evoke: Piece from Xom's  ||     3
    Use: Scroll            ||     7
         Potion            ||     2
   Stab: Sleeping          ||     5
         Petrified         ||     2
         Petrifying        ||     1
 Armour: Robe              ||    47
         Skin              ||     9
  Dodge: Dodged            ||    57
